 Dungeon Crawl Stone Soup version 0.21.1-1-g345015fe64 (webtiles) character file.

457 JOKERXD40 the Chopper (level 7, 0/61 HPs)
             Began as a Hill Orc Monk on June 22, 2018.
             Was a Believer of Beogh.
             Slain by an ogre
             ... wielding a +0 giant spiked club
              (4 damage)
             ... on level 4 of the Dungeon.
             The game lasted 00:08:18 (2206 turns).

JOKERXD40 the Chopper (Hill Orc Monk)               Turns: 2206, Time: 00:08:19

Health: 0/61       AC:  9    Str: 16    XL:     7   Next: 6%
Magic:  2/2        EV: 11    Int: 10    God:    Beogh [**....]
Gold:   162        SH:  0    Dex: 13    Spells: 6/6 levels left

rFire    . . .     SeeInvis .   v - +2 hand axe (antimagic)
rCold    . . .     Gourm    .   (no shield)
rNeg     + . .     Faith    .   e - +0 scale mail
rPois    .         Spirit   .   (no helmet)
rElec    .         Reflect  .   (no cloak)
rCorr    .         Harm     .   i - +2 pair of gloves
MR       +....                  (no boots)
Stlth    ..........             (no amulet)
HPRegen  0.20/turn              f - ring of protection from magic
MPRegen  0.08/turn              m - ring of positive energy

@: no status effects
A: no striking features
a: Smiting, Renounce Religion


You were on level 4 of the Dungeon.
You worshipped Beogh.
Beogh was pleased with you.
You were hungry.

You visited 1 branch of the dungeon, and saw 4 of its levels.

You collected 162 gold pieces.

Inventory:

Hand Weapons
 v - a +2 antimagic hand axe (weapon)
Missiles
 n - 5 exploding tomahawks (quivered)
 r - 14 tomahawks
Armour
 e - a +0 scale mail (worn)
 i - a +2 pair of gloves (worn)
Jewellery
 f - a ring of protection from magic (left hand)
 m - a ring of positive energy (right hand)
 p - a +3 ring of intelligence
Scrolls
 h - 2 scrolls of teleportation {unknown}
 j - a scroll of magic mapping {unknown}
 l - 2 scrolls of enchant armour {unknown}
 o - 2 scrolls of enchant weapon {unknown}
 s - a scroll of noise {unknown}
 u - 2 scrolls of identify {unknown}
Potions
 b - a potion of mutation {unknown}
 d - 2 potions of curing
 k - 3 potions of agility {unknown}
 q - a potion of brilliance {unknown}
 t - a potion of lignification {unknown}
Comestibles
 c - 4 rations


   Skills:
 + Level 5.1 Fighting
 + Level 7.6 Axes
 + Level 2.6 Armour
 + Level 3.3 Dodging
 + Level 1.8 Stealth


You had 6 spell levels left.
You didn't know any spells.

Dungeon Overview and Level Annotations

Branches:
Dungeon (4/15)
 Temple: D:4-7

Altars:
Dithmenos
Hepliaklqana
Okawaru
Qazlal
Ru
Vehumet


Message History

The ogre shouts!
An ogre is nearby!
The ogre hits you with a giant spiked club!
You hit the ogre.
The ogre is lightly wounded.
The ogre hits you with a giant spiked club!!
You are too injured to fight recklessly!
You are too injured to fight recklessly!
You are too injured to fight recklessly!
You are too injured to fight recklessly!
You hit the ogre.
The ogre is moderately wounded.
You hit the ogre but do no damage.
The ogre is moderately wounded.
The ogre hits you with a giant spiked club!
* * * LOW HITPOINT WARNING * * *
You hit the ogre.
The ogre is moderately wounded.
The ogre hits you with a giant spiked club.
You die...

#.# ... ##.# ...
##... #.# ##....
#.# ### ........
##.# ... ####.###
#..# #.# #.
#..###O# #.
#...##@# #.
#.#.##.# #.#
##########.#.##.#
#.#
##...............#
#.#
...########.#.####
#.# #### #.#.# #.#
#.#.# #.# #.#.#
#####.### #.#.#
#........


You could see an ogre.

Vanquished Creatures
  The ghost of gorpus the Digger, a novice VSEE of Cheibriados (D:4)
  An ogre (D:4)
  A howler monkey (D:4)
  An orc priest (D:4)
  Jessica (D:2)
  2 worms
  2 dart slugs
  2 leopard geckos
  8 orcs
  2 ball pythons (D:1)
  3 giant cockroaches
  8 goblins
  5 hobgoblins
  5 kobolds
  2 quokkas
  6 bats
  7 frilled lizards
  6 rats
63 creatures vanquished.

Vanquished Creatures (others)
  An orc priest (D:3)
  3 orcs (D:3)
  A goblin (D:3)
  A kobold (D:3)
6 creatures vanquished.

Grand Total: 69 creatures vanquished

Notes
Turn   | Place    | Note
-------+----------+-------------------------------------------
     0 | D:1      | JOKERXD40 the Hill Orc Monk began the quest for the Orb.
     0 | D:1      | Reached XP level 1. HP: 19/19 MP: 1/1
   176 | D:1      | Reached XP level 2. HP: 21/27 MP: 2/2
   377 | D:1      | Reached XP level 3. HP: 24/33 MP: 3/3
   421 | D:2      | Found a radiant altar of Vehumet.
   424 | D:2      | Noticed Jessica
   432 | D:2      | Killed Jessica
   432 | D:2      | Reached skill level 1 in Armour
   459 | D:2      | Reached XP level 4. HP: 28/40 MP: 4/4
   658 | D:2      | Found a hazy altar of Hepliaklqana.
   889 | D:3      | Found an iron altar of Okawaru.
   890 | D:3      | Found a stormy altar of Qazlal.
   947 | D:3      | Became a worshipper of Beogh the Brigand
   947 | D:3      | Reached * piety under Beogh
   947 | D:3      | Reached ** piety under Beogh
  1050 | D:3      | Reached skill level 5 in Axes
  1224 | D:3      | Found a shadowy altar of Dithmenos.
  1336 | D:3      | Found a sacrificial altar of Ru.
  1756 | D:4      | Reached XP level 5. HP: 39/47 MP: 5/5
  1843 | D:4      | Noticed an ogre
  1851 | D:4      | Killed an ogre
  1851 | D:4      | Reached skill level 6 in Axes
  2001 | D:4      | Reached XP level 6. HP: 50/53 MP: 2/6
  2004 | D:4      | Noticed gorpus's ghost (novice VSEE)
  2030 | D:4      | Killed gorpus's ghost
  2030 | D:4      | Reached skill level 5 in Fighting
  2030 | D:4      | Reached skill level 7 in Axes
  2030 | D:4      | Reached XP level 7. HP: 38/61 MP: 2/7
  2205 | D:4      | HP: 3/61 [ogre/giant spiked club (17)]
  2206 | D:4      | Slain by an ogre

Skill      XL: |  1  2  3  4  5  6 |
---------------+-------------------+-----
Fighting       | 4 5 |  5.1
Armour         | 1 2 |  2.6
Dodging        | 3 |  3.3
Axes           | 5 6 7 |  7.6
Stealth        | |  1.8

Action                   |  1- 3 |  4- 6 |  7- 9 || total
-------------------------+-------+-------+-------++-------
Melee: Hand axe          |   116 |   180 |     5 ||   301
Invok: Convert to Beogh  |       |     1 |       ||     1
  Use: Potion            |       |     2 |       ||     2
  Eat: Chunk             |       |     4 |       ||     4
Armor: Scale mail        |    58 |    55 |       ||   113
Dodge: Dodged            |    71 |    80 |     1 ||   152
